 Dungeon Crawl Stone Soup version 0.29-a0-834-g1e95ca9f62 (webtiles) character file.

Game seed: 10747110852038139159

218533 iguanaiguana the Fighter (level 18, -23/132 HPs)
             Began as an Octopode Transmuter on July 12, 2022.
             Was the Champion of Cheibriados.
             Annihilated by a rockslime (36 damage)
             ... while paralysed by a floating eye
             ... on level 5 of the Pits of Slime on July 13, 2022.
             The game lasted 03:12:48 (25060 turns).

iguanaiguana the Fighter (Octopode Transmuter)     Turns: 25060, Time: 03:12:48

Health: -23/132    AC:  4    Str: 25    XL:     18   Next: 61%
Magic:  33/42      EV:  2    Int: 44    God:    Cheibriados [******]
Gold:   2807       SH:  0    Dex: 45    Spells: 0/37 levels left

rFire   . . .      SeeInvis .     - Unarmed
rCold   . . .      Faith    .   q - +2 kite shield "Ucixzem" {Dex+4}
rNeg    + . .      Spirit   .   Q - +3 hat of Pondering {ponderous, Will+ MP+10 Int+5}
rPois   .          Reflect  .   P - amulet "Baydgh" {RegenMP rN+ Int+3}
rElec   .          Harm     .   g - +6 ring of dexterity
rCorr   +          Rampage  .   N - +4 ring of evasion
Will    +++..      Clarity  +   y - +6 ring of dexterity
Stlth   +++++.....              K - ring of resist corrosion
HPRegen 0.32/turn               T - ring of willpower
MPRegen 0.68/turn               j - +4 ring of evasion
                                (no ring)
                                (no ring)

@: paralysed, studying Throwing, unable to drink, very slow
A: almost no armour, amphibious, 8 rings, camouflage 1, gelatinous body 1,
(nimble swimmer 1), tentacles, tentacle spike 1, clarity, screaming 1, inability
to drink while threatened 1
}: 2/15 runes: decaying, serpentine
a: Renounce Religion, Bend Time, Temporal Distortion, Slouch, Step From Time


You were on level 5 of the Pits of Slime.
You worshipped Cheibriados.
Cheibriados was exalted by your worship.
You visited 7 branches of the dungeon, and saw 32 of its levels.
You also visited: Gauntlet.

You collected 3382 gold pieces.
You spent 575 gold pieces at shops.

Inventory:

Hand Weapons
 i - the +0 dagger of Wumi {flame, *Rage rN+ Will++ MP+9}
   (You found it on level 4 of the Lair of Beasts)

   It burns those it strikes, dealing additional fire damage.
   rN:        It protects you from negative energy.
   MP:        It affects your magic capacity (+9).
   *Rage:     It berserks you when you make melee attacks (+20% chance).
   Will:      It greatly increases your willpower.
Missiles
 r - 17 poisoned darts (quivered)
 G - a curare-tipped dart
 H - 19 boomerangs
 M - 11 silver javelins
Armour
 q - the +2 kite shield "Ucixzem" (worn) {Dex+4}
   (You took it off a minotaur in a Gauntlet)

   Dex:       It affects your dexterity (+4).
 Q - the +3 hat of Pondering (worn) {ponderous, Will+ MP+10 Int+5}
   (You found it in a Gauntlet)

   Int:       It affects your intelligence (+5).
   MP:        It affects your magic capacity (+10).
   Will:      It increases your willpower.
 U - a +1 kite shield of protection
Jewellery
 g - a +6 ring of dexterity (left tentacle)
 j - a +4 ring of evasion (on tentacle)
 y - a +6 ring of dexterity (on tentacle)
 K - a ring of resist corrosion (on tentacle)
 N - a +4 ring of evasion (right tentacle)
 P - the amulet "Baydgh" (around mantle) {RegenMP rN+ Int+3}
   (You found it in a Gauntlet)

   [amulet of magic regeneration]

   It increases your rate of magic regeneration.
   Int:       It affects your intelligence (+3).
   rN:        It protects you from negative energy.
 T - a ring of willpower (on tentacle)
Wands
 n - a wand of acid (3) {@v1}
 A - a wand of charming (8)
 E - a wand of roots (7)
 I - a wand of polymorph (19)
 J - a wand of flame (25)
 O - a wand of mindburst (12)
Scrolls
 b - 4 scrolls of fog
 e - a scroll of torment
 f - 2 scrolls of blinking {@r4}
 k - a scroll of amnesia
 m - 5 scrolls of immolation
 s - 7 scrolls of teleportation {@r3}
 w - 2 scrolls of identify {@r1}
 C - 3 scrolls of fear
 D - 8 scrolls of vulnerability
 V - a scroll of silence
 W - 2 scrolls of magic mapping {@r5}
Potions
 a - 5 potions of lignification
 c - 2 potions of cancellation
 d - 18 potions of curing {@q1}
 h - 2 potions of ambrosia
 l - 6 potions of brilliance
 p - 4 potions of might {@q3}
 t - a potion of magic
 v - 6 potions of attraction
 z - a potion of heal wounds {@q2}
 B - 2 potions of mutation
 F - 4 potions of flight
 Y - a potion of invisibility
Miscellaneous
 o - a condenser vane
 u - a box of beasts
 x - a tin of tremorstones (2/2)
 L - a phial of floods
 R - a lightning rod (4/4)
 S - a phantom mirror


   Skills:
 + Level 14.6 Fighting
 + Level 10.7 Dodging
 - Level 2.0 Stealth
 * Level 7.1 Shields
 - Level 10.0 Unarmed Combat
 + Level 10.2 Spellcasting
 - Level 4.0 Conjurations
 - Level 9.0 Translocations
 - Level 12.0 Transmutations
 - Level 6.0 Ice Magic
 - Level 10.0 Earth Magic
 - Level 10.0 Poison Magic
 - Level 13.0 Invocations
 - Level 4.0 Evocations


You couldn't memorise any spells.
You knew the following spells:

 Your Spells              Type           Power      Damage    Failure   Level
a - Statue Form           Tmut/Erth      58%        N/A       5%          6
b - Wereblood             Tmut           91%        N/A       1%          2
c - Irradiate             Conj/Tmut      37%        3d24      3%          5
d - Manifold Assault      Tloc           80%        N/A       2%          5
e - Ice Form              Ice/Tmut       80%        N/A       1%          4
f - Apportation           Tloc           100%       N/A       1%          1
g - Spider Form           Tmut/Pois      87%        N/A       1%          3
h - Blink                 Tloc           100%       N/A       1%          2
i - Eringya's Noxious Bo  Tmut/Pois      43%        N/A       5%          6
j - Ignite Poison         Fire/Tmut/Pois 72%        N/A       1%          3

Your spell library contained the following spells:

 Spells                   Type           Power      Damage    Failure   Level
 Beastly Appendage        Tmut           100%       N/A       1%          1
 Foxfire                  Conj/Fire      100%       2x1d9     1%          1
 Passwall                 Tmut/Erth      72%        N/A       1%          2
 Lesser Beckoning         Tloc           80%        N/A       1%          3
 Stone Arrow              Conj/Erth      100%       3d13      1%          3
 Petrify                  Tmut/Erth      87%        N/A       1%          4
 Blade Hands              Tmut           45%        N/A       1%          5
 Lee's Rapid Deconstruct  Erth           42%        3d21*     1%          5
 Static Discharge         Conj/Air       40%        3-8/arc   2%          2
 Slow                     Hex            88%        N/A       3%          1
 Scorch                   Fire           44%        2d7       4%          2
 Sublimation of Blood     Necr           22%        N/A       4%          2
 Conjure Flame            Conj/Fire      40%        6-21      4%          3
 Yara's Violent Unravell  Hex/Tmut       33%        3d14      8%          5
 Confusing Touch          Hex            22%        N/A       10%         3
 Inner Flame              Hex/Fire       22%        N/A       10%         3
 Flame Wave               Conj/Fire      40%        2d9       14%         4
 Sticky Flame             Conj/Fire      40%        2d6       14%         4
 Summon Forest            Summ/Tloc      29%        N/A       14%         5
 Metabolic Englaciation   Hex/Ice        24%        N/A       26%         5
 Iron Shot                Conj/Erth      35%        9d7       28%         6
 Anguish                  Hex/Necr       11%        N/A       32%         4
 Cause Fear               Hex            11%        N/A       32%         4
 Dispel Undead            Necr           22%        3d12      32%         4
 Fireball                 Conj/Fire      20%        3d10      38%         5
 Summon Cactus Giant      Summ           11%        N/A       99%         6
 Enfeeble                 Hex            11%        N/A       100%        7
 Discord                  Hex            11%        N/A       100%        8
 Animate Armour           Summ/Erth      Unusable   N/A       N/A         4

Dungeon Overview and Level Annotations

Branches:
Dungeon (10/15) Zot: 37109  Temple (1/1) D:6 Zot: 8717    Lair (6/6) D:10 Zot: 36998
  Swamp (4/4) Lair:4 Zot: 34831   Snake (4/4) Lair:3 Zot: 31464   Slime (5/5) Lair:6 Zot: 40079
    Orc (2/2) D:9 Zot: 16592     Elf (0/3) Orc:2       Gauntlet (visited)

Altars:
Ashenzari
Cheibriados
Elyvilon
Fedhas
Gozag
Hepliaklqana
Kikubaaqudgha
Makhleb
Nemelex Xobeh
Okawaru
Qazlal
Ru
Sif Muna
Trog
Uskayaw
Vehumet
Wu Jian
Xom
Yredelemnul
Zin
The Shining One
Jiyva

Shops:
D:2 (   D:4 ?   D:10 !   Orc:2 [*(   Snake:2 =   Snake:4 [*(

Annotations:
D:3 1 runed translucent door, Crazy Yiuf
D:6 Prince Ribbit
D:8 exclusion: downstairs
D:10 exclusions: plant and 2 more exclusions, Snorg
Lair:1 1 exclusion
Lair:2 exclusion: hydra
Lair:3 exclusion: molten gargoyle
Swamp:3 Aizul


Innate Abilities, Weirdness & Mutations

You cannot wear most types of armour.
You are amphibious.
You can wear up to eight rings at the same time.
Your skin changes colour to match your surroundings (Stealth+).
Your rubbery body absorbs attacks. (AC +1, EV +1)
((You are camouflaged when in or above water. (Stealth+)))
You have tentacles for arms and can constrict up to eight enemies at once.
One of your tentacles bears a spike.
You possess an exceptional clarity of mind.
You occasionally shout uncontrollably at your foes.
You occasionally lose the ability to drink potions when taking damage.


Message History

You are engulfed in blazing flames.
Your noxious spew wanes.
An azure jelly comes into view.
A slime creature comes into view.
The acid blob is engulfed in a cloud of scalding steam.
The acid blob spits acid at you. The splash of acid hits you! You resist.
The acid corrodes you! The floating eye's view fixates on you.
A slime creature comes into view.
Casting: Ignite Poison (safe; 1% risk of failure)
Confirm with . or Enter, or press ? or * to list all spells.
You ignite the poison in your surroundings!
The rockslime seems to burn from within!
You kill the rockslime!
Cheibriados thoroughly appreciates the change of pace.
The acid blob seems to burn from within!!!
You kill the acid blob!
Cheibriados thoroughly appreciates the change of pace.
The acid blob seems to burn from within!!!
You kill the acid blob!
Cheibriados appreciates the change of pace.
The rockslime is engulfed in blazing flames.
The azure jelly is engulfed in a cloud of scalding steam.
Two slime creatures merge to form a large slime creature.
The rockslime hits you!
You stumble backwards!
Your Shields skill increases to level 7!
Your magical effects are unravelling.
You feel magically purged.
You revert to your normal fleshy form.
The sentinel's mark upon you fades away.
You are no longer corroded.
The floating eye gazes piercingly through you!
You suddenly lose the ability to move!
The rockslime hits you!!
You feel threatened and lose the ability to drink potions!
* * * LOW HITPOINT WARNING * * *
You are shoved backwards!
The floating eye's stare focuses on you.
The rockslime hits you!!!
* * * LOW HITPOINT WARNING * * *
You are shoved backwards!
The rockslime hits you!!!
You die...

.....................#
......................##
........J..............#
.......................#
..........J.............#
...........J...........##
..........G............#
.....§.......J.......###
..............@.....##
.....§........##....#
.....<.......####..##
............## ###
##..........#
##..#...#### ####...#
#####


You could see an acid blob, an azure jelly, a slime creature, a rockslime and a
floating eye (charged).

Vanquished Creatures
  Rupert (Lair:3)
  Mlioglotl (Swamp:2)
  15 acid blobs
  Gastronok (D:8)
  Kirke (Lair:3)
  A fenstrider witch (Swamp:3)
  7 azure jellies
  3 rockslimes
  9 nagarajas (Snake:4)
  An orc warlord (Orc:2)
  2 quicksilver oozes
  2 very ugly things (Swamp:4)
  Azrael (Orc:2)
  A minotaur (Gauntlet)
  A bunyip (Swamp:4)
  A dire elephant (Lair:4)
  3 eleionomae
  2 green deaths (Swamp:4)
  2 boulder beetles (Lair:4)
  14 hydras
  3 catoblepae (Lair:6)
  A centaur warrior (D:10)
  7 anacondas
  A ghost crab (Swamp:4)
  11 naga warriors
  Erica (D:8)
  2 two-headed ogres (D:10)
  5 alligators
  6 death yaks
  Urug (Lair:1)
  9 naga sharpshooters
  3 spriggans (Swamp:3)
  An orc high priest (Orc:2)
  5 shock serpents
  4 salamander mystics
  A fire crab (Lair:4)
  2 goliath frogs (Swamp:3)
  5 swamp dragons (Swamp:4)
  A spriggan druid (Swamp:4)
  3 bog bodies
  18 naga ritualists
  A sea snake (Snake:2)
  3 orc knights (Orc:2)
  A lindwurm (Lair:6)
  2 shining eyes
  5 ugly things (Swamp:4)
  14 mana vipers
  2 orc sorcerers (Orc:2)
  A necromancer (Gauntlet)
  2 will-o-the-wisps
  6 salamanders (Snake:3)
  2 manticores (Lair:6)
  Maurice (D:8)
  2 eyes of devastation
  7 guardian serpents (Snake:4)
  12 elephants
  14 cane toads
  30 black mambas
  3 torpor snails
  A molten gargoyle (Lair:2)
  3 orange demons (Swamp:4)
  12 naga magi
  A smoke demon (Gauntlet)
  An efreet (D:10)
  12 komodo dragons
  4 rime drakes
  A red devil (Gauntlet)
  A bloated husk (Swamp:3)
  3 polar bears
  5 hornets
  Grinder (D:4)
  3 trolls
  2 large abominations (Swamp:4)
  46 slime creatures
  3 dream sheep (Lair:2)
  2 tyrant leeches
  20 blink frogs
  56 yaks
  A wraith (D:10)
  2 shadows
  A vampire (D:10)
  A wyvern (D:7)
  2 basilisks
  3 hogs
  7 golden eyes (Slime:5)
  Grum (D:10)
  2 fire elementals
  A neqoxec (Gauntlet)
  A steam dragon (D:9)
  6 vampire mosquitoes
  16 nagas
  3 wargs
  21 water moccasins
  9 swamp worms
  A floating eye (Gauntlet)
  2 acid dragons
  4 hell hounds (Orc:2)
  27 orc warriors
  2 sky beasts (D:7)
  An ice beast (D:8)
  A black bear (D:10)
  2 ogres
  2 phantoms (D:5)
  18 wolves
  7 centaurs
  3 kobold brigands
  11 bullfrogs
  2 gnoll sergeants
  A scorpion (D:7)
  2 necrophages
  8 wights
  17 killer bees
  An electric eel (Snake:2)
  6 howler monkeys
  4 lava snakes (Lair:3)
  3 crimson imps (Gauntlet)
  5 jellies
  11 orc priests
  A gnoll bouda (D:7)
  3 hounds
  5 iguanas
  4 hell rats (Lair:6)
  16 orc wizards
  5 adders
  8 gnolls
  2 white imps
  2 ufetubi
  A worm (D:3)
  3 dart slugs
  68 orcs
  9 endoplasms
  3 giant cockroaches
  7 goblins
  3 hobgoblins (D:3)
  13 kobolds
  4 quokkas
  9 ball pythons
  5 bats
  8 frilled lizards
  9 rats
850 creatures vanquished.

Vanquished Creatures (collateral kills)
  the Lernaean hydra (Swamp:4)
  A bog body (Swamp:4)
  An orange demon (Swamp:4)
  A troll (Orc:2)
  A slime creature (Swamp:4)
  An orc (Orc:2)
6 creatures vanquished.

Vanquished Creatures (others)
  A two-headed ogre (D:9)
  A slime creature (Slime:3)
  A yak (D:10)
  A human (Lair:4)
  A killer bee (D:8)
  3 bushes (Lair:2)
  4 foxfires (Swamp:1)
  28 fungi
  142 plants
  6 withered plants
188 creatures vanquished.

Grand Total: 1044 creatures vanquished

Notes
Turn   | Place    | Note
-------+----------+-------------------------------------------
     0 | D:1      | iguanaiguana the Octopode Transmuter began the quest for
                  | the Orb.
     0 | D:1      | Reached XP level 1. HP: 13/13 MP: 3/3
   456 | D:1      | Reached XP level 2. HP: 18/18 MP: 3/5
  1794 | D:2      | Reached XP level 3. HP: 19/23 MP: 4/6
  1918 | D:2      | Found Tyll's Weapon Shop.
  2777 | D:3      | Reached XP level 4. HP: 22/28 MP: 4/7
  3151 | D:3      | Learned a level 2 spell: Wereblood
  3542 | D:3      | Found a runed translucent door.
  3543 | D:3      | Noticed Crazy Yiuf
  3588 | D:3      | Reached skill level 2 in Fighting
  3611 | D:3      | Found a faded altar of an unknown god.
  3696 | D:4      | Noticed Grinder
  3874 | D:4      | Found a radiant altar of Vehumet.
  3954 | D:4      | Found Syherola's Magic Scroll Boutique.
  3970 | D:4      | Bought a scroll of identify for 20 gold pieces
  3970 | D:4      | Bought a scroll of noise for 10 gold pieces
  3970 | D:4      | Bought a scroll of immolation for 40 gold pieces
  3970 | D:4      | Bought a scroll of poison for 40 gold pieces
  3970 | D:4      | Bought a scroll of teleportation for 30 gold pieces
  3984 | D:5      | Entered Level 5 of the Dungeon
  4003 | D:5      | Reached skill level 1 in Stealth
  4054 | D:5      | Reached XP level 5. HP: 34/34 MP: 1/8
  4139 | D:5      | Noticed a water moccasin
  4171 | D:5      | Killed a water moccasin
  4172 | D:5      | Reached XP level 6. HP: 39/39 MP: 9/9
  4228 | D:4      | Learned a level 3 spell: Spider Form
  4254 | D:4      | Reached skill level 3 in Fighting
  4494 | D:4      | Killed Grinder
  4495 | D:4      | Reached skill level 5 in Fighting
  4495 | D:4      | Reached XP level 7. HP: 50/50 MP: 10/10
  4908 | D:4      | Found a radiant altar of Vehumet.
  4947 | D:4      | Reached skill level 1 in Poison Magic
  5012 | D:4      | Found Syherola's Magic Scroll Boutique.
  5693 | D:5      | Reached XP level 8. HP: 55/55 MP: 7/11
  5908 | D:5      | Reached skill level 5 in Transmutations
  6450 | D:6      | Found a white marble altar of Elyvilon.
  6465 | D:6      | Found a glowing golden altar of the Shining One.
  6481 | D:6      | Noticed Prince Ribbit
  6509 | D:6      | Became a worshipper of the Shining One
  7073 | D:6      | Found a staircase to the Ecumenical Temple.
  7084 | Temple   | Entered the Ecumenical Temple
  7265 | Temple   | Fell from the grace of the Shining One
  7265 | Temple   | Became a worshipper of Cheibriados the Contemplative
  7710 | D:6      | Found a broken altar of Ashenzari.
  7725 | D:6      | Found a shimmering altar of Xom.
  7905 | D:7      | Reached skill level 1 in Evocations
  7915 | D:7      | Reached skill level 5 in Unarmed Combat
  7915 | D:7      | Reached XP level 9. HP: 37/61 MP: 3/15
  8047 | D:7      | Noticed a four-headed hydra
  8209 | D:7      | Reached * piety under Cheibriados
  8485 | D:8      | Noticed Gastronok
  8489 | D:8      | Noticed Maurice
  8622 | D:7      | Reached skill level 5 in Dodging
  8776 | D:7      | Reached skill level 6 in Fighting
  8826 | D:7      | Learned a level 4 spell: Ice Form
  9457 | D:9      | Found an ancient bone altar of Kikubaaqudgha.
  9476 | D:9      | Reached ** piety under Cheibriados
  9504 | D:9      | Reached skill level 1 in Invocations
  9683 | D:9      | Reached XP level 10. HP: 69/69 MP: 11/16
  9764 | D:8      | Killed Maurice
  9765 | D:8      | Reached skill level 7 in Fighting
  9772 | D:8      | Killed Gastronok
  9773 | D:8      | Reached skill level 5 in Invocations
  9909 | D:8      | Reached skill level 1 in Ice Magic
  9955 | D:8      | Noticed Erica
 10729 | D:8      | Killed Erica
 10871 | D:8      | Found a sparkling altar of Nemelex Xobeh.
 11007 | D:8      | Identified a scroll of acquirement
 11009 | D:8      | Acquired 1137 gold pieces
 11026 | D:9      | Reached *** piety under Cheibriados
 11030 | D:9      | Noticed a two-headed ogre
 11212 | D:9      | Reached skill level 5 in Ice Magic
 11343 | D:9      | Found a staircase to the Orcish Mines.
 11600 | D:9      | Reached XP level 11. HP: 75/75 MP: 4/18
 11606 | D:9      | Reached skill level 5 in Spellcasting
 11968 | D:9      | Reached **** piety under Cheibriados
 12248 | D:10     | Entered Level 10 of the Dungeon
 12248 | D:10     | Noticed Grum
 12285 | D:10     | Killed Grum
 12448 | D:10     | Found Dutwaoxi's Distillery.
 12455 | D:10     | Bought a potion of curing for 42 gold pieces
 12455 | D:10     | Bought a potion of might for 56 gold pieces
 12455 | D:10     | Bought a potion of heal wounds for 70 gold pieces
 12455 | D:10     | Bought a potion of flight for 42 gold pieces
 12826 | D:10     | Noticed a two-headed ogre
 12832 | D:10     | Killed a two-headed ogre
 12907 | D:10     | Noticed a two-headed ogre
 12912 | D:10     | Noticed a centaur warrior
 12925 | D:10     | Killed a two-headed ogre
 12938 | D:10     | Killed a centaur warrior
 12939 | D:10     | Reached skill level 10 in Invocations
 13707 | D:10     | Found a staircase to the Lair.
 14190 | D:10     | Reached XP level 12. HP: 81/81 MP: 15/20
 14525 | D:10     | Noticed Snorg
 14572 | Lair:1   | Entered Level 1 of the Lair of Beasts
 14636 | Lair:1   | Identified the +2 chain mail of Unambiguity {+Blink Fly
                  | rF++ Str-2}
 14736 | Lair:1   | Found a dark tunnel.
 14799 | Lair:1   | Reached skill level 1 in Conjurations
 14808 | Lair:1   | Noticed Urug
 14828 | Lair:1   | Killed Urug
 15199 | Lair:1   | Learned a level 5 spell: Irradiate
 16124 | Lair:2   | You fall into a shaft and drop 1 floor!
 16152 | Lair:3   | Noticed a four-headed hydra
 16179 | Lair:3   | Killed a four-headed hydra
 16279 | Lair:2   | Acquired Sif Muna's Teachings on Flamy Reformation
 16316 | Lair:2   | Noticed an eight-headed hydra
 16414 | Lair:2   | Reached skill level 1 in Earth Magic
 16905 | Lair:3   | Found a staircase to the Snake Pit.
 17296 | Lair:3   | Reached XP level 13. HP: 83/86 MP: 11/22
 17587 | Lair:3   | Reached ***** piety under Cheibriados
 18305 | Lair:4   | Got the Precepts of Shifting
 18323 | Lair:4   | Reached skill level 5 in Earth Magic
 18392 | Lair:4   | Found a gate leading to a gauntlet.
 18401 | Gauntlet | Entered a Gauntlet
 18401 | Gauntlet | Noticed a green death
 18401 | Gauntlet | Found a transporter.
 18401 | Gauntlet | Found a transporter.
 18401 | Gauntlet | Found a transporter.
 18421 | Gauntlet | Found a transporter.
 18424 | Gauntlet | Noticed a great orb of eyes
 18436 | Gauntlet | Found a transporter.
 18440 | Gauntlet | Found the ring of the Hare {EV+8}
 18451 | Gauntlet | Found the +3 hat of Pondering {ponderous, Will+ MP+10
                  | Int+5}
 18452 | Gauntlet | Found a transporter.
 18458 | Gauntlet | Found a transporter.
 18466 | Gauntlet | Found a transporter.
 18483 | Gauntlet | Found a transporter.
 18491 | Gauntlet | Found a transporter.
 18508 | Gauntlet | Found a transporter.
 18533 | Gauntlet | Found a transporter.
 18558 | Gauntlet | Learned a level 6 spell: Statue Form
 18589 | Gauntlet | Gained mutation: One of your tentacles bears a spike. [a
                  | neqoxec]
 18596 | Gauntlet | Identified the amulet "Baydgh" {RegenMP rN+ Int+3}
 18792 | Gauntlet | Identified the +6 morningstar "Wachich" {pain, *Corrode rN+
                  | Str+4}
 18792 | Gauntlet | Identified the +14 crystal plate armour "Ceab Qam" {Will+
                  | Str-5 Slay+2}
 18792 | Gauntlet | Identified the +2 kite shield "Ucixzem" {Dex+4}
 18792 | Gauntlet | Noticed a minotaur
 18803 | Gauntlet | Killed a minotaur
 18828 | Gauntlet | Identified the +6 leather armour of Hopscotch {rC+ rN+
                  | Slay-3}
 18830 | Gauntlet | Identified the +4 leather armour of Sideoll {+Inv MP+9
                  | Int+2}
 18831 | Gauntlet | Got the Essays on Flinty Jinxing
 19144 | Lair:4   | Reached skill level 1 in Shields
 19154 | Lair:4   | Noticed Rupert
 19311 | Lair:5   | Reached skill level 10 in Transmutations
 19559 | Lair:6   | Entered Level 6 of the Lair of Beasts
 19629 | Lair:5   | Learned a level 1 spell: Apportation
 19743 | Lair:6   | Found a viscous altar of Jiyva.
 19748 | Lair:6   | Found a staircase to the Slime Pits.
 19766 | Lair:6   | Reached XP level 14. HP: 92/92 MP: 23/23
 19790 | Lair:6   | Reached skill level 10 in Earth Magic
 19803 | Lair:6   | Reached ****** piety under Cheibriados
 20120 | Lair:6   | Reached skill level 5 in Shields
 20127 | Lair:6   | Reached skill level 1 in Translocations
 20175 | Lair:6   | Identified the +7 broad axe of Buly {vorpal, rElec rC+}
 20552 | Orc:1    | Entered Level 1 of the Orcish Mines
 20650 | Orc:1    | Upgraded the game from 0.29-a0-830-gcb1280458a to
                  | 0.29-a0-834-g1e95ca9f62
 20651 | Orc:2    | Entered Level 2 of the Orcish Mines
 20651 | Orc:2    | Noticed Azrael
 20656 | Orc:2    | Killed Azrael
 20978 | Orc:2    | Noticed an orc warlord
 21006 | Orc:2    | Killed an orc warlord
 21021 | Orc:2    | Found a staircase to the Elven Halls.
 21064 | Orc:2    | Found Vakherav's Antique Armour Boutique.
 21089 | Orc:2    | Found Sutre's General Store.
 21096 | Orc:2    | Bought a scroll of teleportation for 39 gold pieces
 21096 | Orc:2    | Bought a potion of lignification for 39 gold pieces
 21096 | Orc:2    | Bought a scroll of teleportation for 39 gold pieces
 21096 | Orc:2    | Bought a scroll of immolation for 52 gold pieces
 21105 | Orc:2    | Found Enontiv's Antique Weapon Boutique.
 21121 | Orc:2    | Found Wamumot's Jewellery Boutique.
 21177 | Orc:2    | Learned a level 5 spell: Manifold Assault
 21372 | Snake:1  | Entered Level 1 of the Snake Pit
 21424 | Snake:2  | Found Tiryadun's Jewellery Shoppe.
 21430 | Snake:2  | Reached skill level 5 in Translocations
 21430 | Snake:2  | Reached XP level 15. HP: 97/97 MP: 25/25
 21605 | Snake:4  | Entered Level 4 of the Snake Pit
 21759 | Snake:4  | Reached skill level 8 in Fighting
 21905 | Snake:4  | Found Elluw's Weapon Emporium.
 21985 | Snake:4  | Reached skill level 9 in Fighting
 22043 | Snake:4  | Reached skill level 10 in Fighting
 22580 | Snake:4  | Learned a level 2 spell: Blink
 22602 | Snake:4  | Reached XP level 16. HP: 109/109 MP: 9/26
 22628 | Snake:4  | Noticed a nagaraja
 22629 | Snake:4  | Noticed a nagaraja
 22632 | Snake:4  | Reached skill level 10 in Unarmed Combat
 22633 | Snake:4  | Killed a nagaraja
 22634 | Snake:4  | Killed a nagaraja
 22681 | Snake:4  | Noticed a nagaraja
 22688 | Snake:4  | Killed a nagaraja
 22697 | Snake:4  | Noticed a nagaraja
 22706 | Snake:4  | Killed a nagaraja
 22873 | Snake:4  | Found Xaviruun's Armour Boutique.
 22884 | Snake:4  | Found Hapecyp's General Store.
 22892 | Snake:4  | Bought a potion of might for 56 gold pieces
 23008 | Snake:4  | Noticed a nagaraja
 23008 | Snake:4  | Noticed a nagaraja
 23048 | Snake:4  | Killed a nagaraja
 23052 | Snake:4  | Reached skill level 11 in Fighting
 23062 | Snake:4  | Killed a nagaraja
 23319 | Snake:4  | Noticed a nagaraja
 23324 | Snake:4  | Noticed a nagaraja
 23329 | Snake:4  | Killed a nagaraja
 23329 | Snake:4  | Noticed a nagaraja
 23334 | Snake:4  | Killed a nagaraja
 23339 | Snake:4  | Killed a nagaraja
 23380 | Snake:4  | Got a serpentine rune of Zot
 23494 | Snake:2  | Reached skill level 12 in Fighting
 23711 | Lair:4   | Identified the +0 dagger of Wumi {flame, *Rage rN+ Will++
                  | MP+9}
 23751 | Lair:4   | Reached XP level 17. HP: 121/121 MP: 20/29
 23848 | Lair:4   | Noticed Kirke
 23867 | Lair:3   | Noticed a sphinx
 23868 | Lair:3   | Killed Rupert
 23869 | Lair:3   | Killed Kirke
 23939 | Lair:4   | Reached skill level 13 in Fighting
 23963 | Lair:4   | Found a staircase to the Swamp.
 23972 | Swamp:1  | Entered Level 1 of the Swamp
 24093 | Swamp:4  | Entered Level 4 of the Swamp
 24184 | Swamp:3  | Noticed Aizul
 24337 | Swamp:4  | Reached skill level 10 in Dodging
 24358 | Swamp:4  | Noticed the 27-headed Lernaean hydra
 24359 | Swamp:4  | Killed the 27-headed Lernaean hydra
 24360 | Swamp:4  | Reached skill level 14 in Fighting
 24376 | Swamp:4  | Got a decaying rune of Zot
 24433 | Swamp:2  | Noticed Mlioglotl
 24439 | Swamp:2  | Killed Mlioglotl
 24522 | Lair:4   | Learned a level 6 spell: Eringya's Noxious Bog
 24631 | Slime:1  | Entered Level 1 of the Pits of Slime
 24637 | Slime:1  | Noticed an acid blob
 24645 | Slime:1  | Killed an acid blob
 24668 | Slime:2  | Noticed an acid blob
 24673 | Slime:2  | Gained mutation: You have hidden genetic defects. [a
                  | shining eye]
 24676 | Slime:2  | Gained mutation: You sometimes lose your temper in combat.
                  | [a shining eye]
 24680 | Slime:2  | Reached XP level 18. HP: 132/132 MP: 14/31
 24685 | Slime:2  | Reached skill level 5 in Poison Magic
 24733 | Slime:4  | Gained mutation: Potions are less effective at restoring
                  | your health. [hidden defects]
 24745 | Slime:4  | Lost mutation: One of your tentacles bears a spike. [potion
                  | of mutation]
 24745 | Slime:4  | Lost mutation: You sometimes lose your temper in combat.
                  | [potion of mutation]
 24745 | Slime:4  | Lost mutation: You have hidden genetic defects. [potion of
                  | mutation]
 24746 | Slime:4  | Lost mutation: Potions are less effective at restoring your
                  | health. [potion of mutation]
 24746 | Slime:4  | Gained mutation: You possess an exceptional clarity of
                  | mind. [potion of mutation]
 24746 | Slime:4  | Gained mutation: You occasionally lose the ability to drink
                  | potions when taking damage. [potion of mutation]
 24746 | Slime:4  | Gained mutation: One of your tentacles bears a spike.
                  | [potion of mutation]
 24748 | Slime:5  | Entered Level 5 of the Pits of Slime
 24751 | Slime:5  | Gained mutation: You occasionally shout uncontrollably at
                  | your foes. [a shining eye]
 25012 | Slime:5  | Reached skill level 10 in Poison Magic
 25013 | Slime:5  | Reached skill level 10 in Spellcasting
 25028 | Slime:5  | Learned a level 3 spell: Ignite Poison
 25059 | Slime:5  | Paralysed by a floating eye for 2 turns
 25060 | Slime:5  | Annihilated by a rockslime

Illustrated notes

Levels and vault maps discovered:
D:1:      lightli_arrival_lavapool, layout_loops_cross
D:2:      layout_loops_corners, serial_shops, nicolae_shop_bloodbath_and_beyond,
          minmay_quantized
D:3:      layout_basic, dilly_ecumenical_altar_fadedgnrine, nrook_uturn,
          chequers_mini_garden, nicolae_eternal_life, uniq_crazy_yiuf_cottage
D:4:      layout_gridville, nicolae_vehumet_altar_sigil, serial_shops,
          shop_scrolls, uniq_grinder
D:5:      layout_rooms, serial_aquarium, aquarium_bridge_straight
          [aquarium_subvault_bridge, aquarium_subvault_wall,
          aquarium_subvault_bridge, aquarium_subvault_window],
          aquarium_window_corner, aquarium_window_corner, aquarium_window_1,
          aquarium_view_2b, aquarium_pool_double
D:6:      layout_rooms, nicolae_overflow_quartered_altars, temple_pool_b,
          dreamdust_princess_bridge, uniq_prince_ribbit1
D:7:      layout_basic, serial_curves, eino_curves_01, eino_curves_01,
          minmay_fractal_squares_diagonal_5
D:8:      layout_cave_pools, mainiacjoe_overflow_six_doors_small, uniq_erica,
          uniq_maurice, uniq_gastronok
D:9:      layout_loops_cross, lemuel_doored_altar, david_orc_5
D:10:     minmay_imperfect_grid, layout_stronghold,
          lemuel_coloured_pillars_altar, david_lair_generic, serial_bayou,
          serial_bayou_pond_e, serial_bayou_pond_b, serial_bayou_lagoon_a,
          serial_bayou_crossing, minmay_shop_grid_forest,
          chequers_serial_rivers_micro_d, minmay_variable_closet, uniq_snorg,
          uniq_grum
Temple:   eino_narrow_crystal_temple
Lair:1:   layout_cave_pods, nicolae_volcano_entry_vermiform, uniq_urug
Lair:2:   layout_layer_cave, wad_woods_06
Lair:3:   cheibrodos_magma_flow, layout_cave_shapes,
          minmay_snake_entry_six_corridors
Lair:4:   nzn_winding_woodlands_large [nzn_winding_woodlands_5x5_perimeter,
          nzn_winding_woodlands_5x15_parted,
          nzn_winding_woodlands_5x5_open_star,
          nzn_winding_woodlands_center_lodge,
          nzn_winding_woodlands_15x15_five_gardens,
          nzn_winding_woodlands_center_pierced_h,
          nzn_winding_woodlands_5x5_closed_star,
          nzn_winding_woodlands_5x15_crooked, nzn_winding_woodlands_5x5_three],
          layout_layer_cave, minmay_swamp_entry_worms, gauntlet_entry_generic,
          lemuel_fruit_tree, uniq_rupert, uniq_sonja, uniq_kirke
Lair:5:   layout_cave_pods, gammafunk_ghost_grave,
          chequers_serial_rivers_small_b
Lair:6:   evilmike_catoblepas_cave, layout_hall_layers,
          minmay_slime_entry_pillars
Swamp:1:  layout_basic_swamp, nicolae_swamp_round_clearing
Swamp:2:  layout_basic_swamp, evilmike_swamp_ruin_house_4, swamp_pool1,
          uniq_mlioglotl
Swamp:3:  layout_basic_swamp, evilmike_swamp_ruin_wall,
          infiniplex_staircase_pool, uniq_aizul
Swamp:4:  swamp_vile, layout_basic_swamp, swamp_pool1
Snake:1:  layout_basic, abandoned_shop, minmay_shoptagon, uniq_louise
Snake:2:  layout_misc_corridors, serial_shops, shop, basic_altar,
          nicolae_snake_linked_coils, serial_bayou_ford_a, nicolae_stop_n_shop_2
Snake:3:  layout_grid_maze, grunt_megastairs_2
Snake:4:  grunt_snake_rune_serpentine_throne, layout_onion_interference,
          serial_shops, nicolae_shop_window_shopping, shop, shop,
          nicolae_snake_naga_rites
Slime:1:  layout_caves
Slime:2:  layout_caves
Slime:3:  cheibrodos_slime_lost_civilization_10, layout_caves, basic_altar
Slime:4:  layout_caves
Slime:5
Orc:1:    layout_caves
Orc:2:    grunt_orc_cross, layout_caves, basic_altar, minmay_orc_keep,
          uniq_azrael

Skill      XL: |  1  2  3  4  5  6  7  8  9 10 11 12 13 14 15 16 17 18 |
---------------+-------------------------------------------------------+-----
Unarmed Combat | 4 5 6 7 9 10 | 10.0
Fighting       | 2 5 6 7 10 12 14 | 14.6
Stealth        | 2 |  2.0
Dodging        | 4 6 7 9 10 | 10.7
Poison Magic   | 1 4 10 | 10.0
Transmutations | 4 6 8 10 12 | 12.0
Spellcasting   | 4 5 6 7 8 9 10 | 10.2
Evocations     | 1 4 |  4.0
Invocations    | 2 5 11 13 | 13.0
Ice Magic      | 6 |  6.0
Conjurations   | 4 |  4.0
Earth Magic    | 3 9 10 | 10.0
Shields        | 2 6 7 |  7.1
Translocations | 5 8 9 |  9.0

Action                   |  1- 3 |  4- 6 |  7- 9 | 10-12 | 13-15 | 16-18 || total
-------------------------+-------+-------+-------+-------+-------+-------++-------
Melee: Unarmed           |    81 |    69 |   330 |   445 |   502 |   560 ||  1987
       Constrict         |    19 |    14 |    18 |     2 |    64 |    22 ||   139
       Kick              |    17 |    15 |    13 |       |   158 |    77 ||   280
       Tentacles         |    13 |     8 |    18 |     4 |    93 |    63 ||   199
       Punch             |     1 |     2 |     2 |     1 |    22 |    16 ||    44
       Dagger            |       |       |       |       |       |     3 ||     3
Throw: Stone             |       |     6 |     1 |     4 |       |       ||    11
       Dart              |       |     4 |     1 |     2 |     9 |       ||    16
       Boomerang         |       |       |       |     7 |       |       ||     7
 Cast: Beastly Appendage |    30 |    21 |     6 |       |       |       ||    57
       Wereblood         |       |     2 |    16 |    23 |    21 |     9 ||    71
       Spider Form       |       |       |    35 |    11 |     1 |       ||    47
       Ice Form          |       |       |       |    44 |     8 |       ||    52
       Statue Form       |       |       |       |       |    62 |    53 ||   115
       Irradiate         |       |       |       |       |    32 |    25 ||    57
       Apportation       |       |       |       |       |    42 |    15 ||    57
       Manifold Assault  |       |       |       |       |    69 |   191 ||   260
       Blink             |       |       |       |       |       |     3 ||     3
       Eringya's Noxious |       |       |       |       |       |     5 ||     5
       Ignite Poison     |       |       |       |       |       |     4 ||     4
Invok: Bend Time         |       |       |     2 |     3 |       |       ||     5
       Slouch            |       |       |       |     3 |     4 |     6 ||    13
 Abil: End Transformatio |       |       |       |     7 |     4 |    24 ||    35
Evoke: Wand              |       |     7 |       |    15 |     3 |     1 ||    26
       Phantom mirror    |       |       |       |       |     1 |     1 ||     2
       Condenser vane    |       |       |       |       |     1 |       ||     1
  Use: Scroll            |     4 |     2 |     9 |    15 |     3 |     3 ||    36
       Potion            |     1 |     3 |     6 |     7 |     3 |     4 ||    24
 Stab: Sleeping          |     7 |     4 |    10 |     6 |     3 |     2 ||    32
       Distracted        |       |       |       |     1 |     2 |       ||     3
       Petrified         |       |       |       |       |     2 |       ||     2
Armor: Skin              |    12 |    12 |    33 |    95 |   182 |   113 ||   447
Dodge: Dodged            |    55 |    33 |   320 |   447 |   611 |   648 ||  2114
Block: Kite shield       |       |       |       |       |   417 |   446 ||   863

Table legend: (Time is in decaauts)
 A = Elapsed time spent in this place.
 B = Non-inter-level travel time spent in this place.
 C = Inter-level travel time spent in this place.
 D = Time resting spent in this place.
 E = Time spent auto-exploring this place.
 F = Levels seen in this place.
 G = Mean time per level.
                   A        B        C        D        E       F      G
               +--------+--------+--------+--------+--------+-----+--------+
         Total |  35587 |  25566 |  10021 |   3366 |  14738 |  33 | 1078.4 |
       Dungeon |  16505 |  14285 |   2220 |   2404 |   9527 |  10 | 1650.5 |
        Temple |    191 |    169 |     22 |      0 |    161 |   1 |  191.0 |
          Lair |  10145 |   6312 |   3833 |    343 |   4095 |   6 | 1690.8 |
         Swamp |   1168 |    775 |    393 |      0 |      0 |   4 |  292.0 |
     Snake Pit |   4535 |   1932 |   2603 |    217 |    492 |   4 | 1133.8 |
    Slime Pits |    641 |    581 |     60 |    277 |      0 |   5 |  128.2 |
  Orcish Mines |   1407 |    518 |    889 |     27 |      0 |   2 |  703.5 |
      Gauntlet |    993 |    993 |      0 |     96 |    461 |   1 |  993.0 |
               +--------+--------+--------+--------+--------+-----+--------+

Top non-repeatable levels by time:
 Snake:4: 3644 daAuts
    D:10: 3063 daAuts
     D:9: 2598 daAuts
  Lair:3: 2501 daAuts
  Lair:1: 2007 daAuts
     D:7: 1945 daAuts
  Lair:6: 1789 daAuts
  Lair:4: 1584 daAuts
     D:4: 1428 daAuts
  Lair:2: 1388 daAuts
     D:6: 1363 daAuts
     D:2: 1347 daAuts
     D:1: 1263 daAuts
     D:8: 1206 daAuts
     D:5: 1157 daAuts
